 Dungeon Crawl Stone Soup version 0.23.2-33-g5129a83184 (webtiles) character file.

Game seed: 10917068007745419581

1308948 dvd the Conqueror (level 27, -1/179 HPs)
             Began as a Gargoyle Berserker on July 1, 2019.
             Was the Champion of Makhleb.
             Killed by divine providence
             ... invoked by a mummy priest
              (12 damage)
             ... on level 19 of a ziggurat on July 4, 2019.
             The game lasted 06:55:19 (85793 turns).

dvd the Conqueror (Gargoyle Berserker)             Turns: 85793, Time: 06:55:20

Health: -1/179     AC: 76    Str: 36    XL:     27
Magic:  36/39      EV: 24    Int: 23    God:    Makhleb [******]
Gold:   10492      SH: 42    Dex: 28    Spells: 31/51 levels left

rFire    + . .     SeeInvis +   b - +14 obsidian axe {chop, +Fly SInv *Curse}
rCold    + + +     Gourm    .   U - +8 large shield of Sif Muna's Outrage {Str+3}
rNeg     + + .     Faith    .   t - +14 crystal plate armour of Purpose {*Corrode rC+ Stlth+}
rPois    ∞         Spirit   .   O - +2 hat {Int+3}
rElec    +         Reflect  +   G - scarf {cloud immunity}
rCorr    +         Harm     .   X - +1 pair of gloves {Str+3}
MR       +++..                  Y - +2 pair of boots {run}
Stlth    ++........             N - amulet of Grace {Reflect rC++ Dex+6 SH+4}
HPRegen  0.39/turn              P - ring "Ifud" {rCorr rF+ rN+}
MPRegen  0.26/turn              f - ring of Urauxuup {*Contam rPois Str+2 Int+8 Dex+6}

@: mighty, singing, flying, mesmerised, hasted and slowed, quick
A: antennae 1, big wings, talons 1, molten scales 1, yellow scales 1, frail 1,
magic resistance 1, negative energy resistance 1, sense surroundings 1,
screaming 1, electricity resistance, unbreathing, petrification resistance, rot
immunity, AC +20
}: 14/15 runes: serpentine, barnacled, slimy, silver, iron, obsidian, icy, bone,
abyssal, demonic, glowing, magical, fiery, dark
a: Stop Flying, Minor Destruction, Lesser Servant of Makhleb, Major Destruction,
Greater Servant of Makhleb, Renounce Religion


You were on level 19 of a ziggurat.
You worshipped Makhleb.
Makhleb was exalted by your worship.
You were not hungry.

You visited 18 branches of the dungeon, and saw 87 of its levels.
You visited Pandemonium 1 time, and saw 14 of its levels.
You visited the Abyss 4 times.
You visited 1 ziggurat, and saw 19 of its levels.
You also visited: Trove, Wizlab and Desolation.

You collected 13045 gold pieces.
You spent 2553 gold pieces at shops.

Inventory:

Hand Weapons
 b - the +14 obsidian axe (weapon) {chop, +Fly SInv *Curse}
   (Trog gifted it to you on level 1 of the Vaults)

   It inflicts extra damage upon your enemies.
   It lets you see invisible.
   It lets you fly.
   It curses itself when equipped.
 j - the +11 morningstar of Terror {crush, +Inv MP+9 Str-3 SInv}
   (You found it on level 9 of a ziggurat)

   It inflicts extra damage upon your enemies.
   It affects your strength (-3).
   It affects your magic capacity (+9).
   It lets you see invisible.
   It lets you turn invisible.
 M - the +11 broad axe "Ridon" {chop, MR+}
   (You found it on level 16 of a ziggurat)

   It inflicts extra damage upon your enemies.
   It affects your resistance to hostile enchantments.
Missiles
 k - 20 silver javelins (quivered)
 F - 34 poisoned javelins
 K - 23 javelins of penetration
Armour
 t - the +14 crystal plate armour of Purpose (worn) {*Corrode rC+ Stlth+}
   (You found it on level 3 of a ziggurat)

   It protects you from cold.
   It may corrode you when you take damage.
   It makes you more stealthy.
 z - a +0 hat of see invisible
 C - a +7 chain mail of fire resistance
 G - a scarf of cloud immunity (worn)
 O - a +2 hat of intelligence (worn)
 Q - the +1 pair of gloves of Gagouk {+Inv rF- Str+7 Slay+3}
   (You found it on level 18 of a ziggurat)

   It affects your strength (+7).
   It affects your accuracy and damage with ranged weapons and melee attacks
   (+3).
   It makes you vulnerable to fire.
   It lets you turn invisible.
 U - the +8 large shield of Sif Muna's Outrage (worn) {Str+3}
   (You took it off a daeva on level 3 of the Depths)

   It affects your strength (+3).
 X - a +1 pair of gloves of strength (worn)
 Y - a +2 pair of boots of running (worn)
Jewellery
 f - the ring of Urauxuup (right hand) {*Contam rPois Str+2 Int+8 Dex+6}
   (You found it on level 7 of the Iron City of Dis)

   [ring of dexterity]

   It affects your strength (+2).
   It affects your intelligence (+8).
   It affects your dexterity (+6).
   It protects you from poison.
   It causes magical contamination when unequipped.
 g - the ring of Trepidation {rC+ Int+8 SInv}
   (You found it on level 7 of the Iron City of Dis)

   [ring of protection from cold]

   It affects your intelligence (+8).
   It protects you from cold.
   It lets you see invisible.
 u - the ring "Verini" {rC+ rN++ MR+ Dex-5}
   (You found it on level 15 of a ziggurat)

   [ring of protection from cold]

   It affects your dexterity (-5).
   It protects you from cold.
   It greatly protects you from negative energy.
   It affects your resistance to hostile enchantments.
 w - the amulet "Mazxewos" {Spirit rF++ Int-3 Dex+6}
   (You found it on level 17 of a ziggurat)

   [amulet of guardian spirit]

   It causes incoming damage to be split between your health and magic.
   It affects your intelligence (-3).
   It affects your dexterity (+6).
   It greatly protects you from fire.
 I - the ring of Fulloj {+Inv rF+ MR+ Str+5}
   (You found it on level 7 of Cocytus)

   [ring of protection from magic]

   It affects your strength (+5).
   It protects you from fire.
   It affects your resistance to hostile enchantments.
   It lets you turn invisible.
 L - the ring "Ucsux" {rPois rN+ MR+ Str+2}
   (You found it on level 5 of the Depths)

   [ring of poison resistance]

   It affects your strength (+2).
   It protects you from poison.
   It protects you from negative energy.
   It affects your resistance to hostile enchantments.
 N - the amulet of Grace (around neck) {Reflect rC++ Dex+6 SH+4}
   (You found it in the Desolation of Salt)

   [amulet of reflection]

   It shields you and reflects attacks.
   It affects your dexterity (+6).
   It greatly protects you from cold.
   It affects your SH (+4).
 P - the ring "Ifud" (left hand) {rCorr rF+ rN+}
   (You bought it in a shop on level 1 of the Snake Pit)

   [ring of resist corrosion]

   It protects you from fire.
   It protects you from negative energy.
Wands
 c - a wand of digging (16)
 n - a wand of clouds (18)
 r - a wand of acid (41)
 A - a wand of scattershot (10)
 E - a wand of flame (118)
 R - a wand of iceblast (42)
 T - a wand of paralysis (53)
 V - a wand of disintegration (54)
Scrolls
 d - 12 scrolls of blinking
 e - 9 scrolls of enchant weapon
 i - 2 scrolls of magic mapping
 l - 42 scrolls of remove curse
 p - 10 scrolls of fear
 q - 41 scrolls of teleportation
 s - 23 scrolls of identify
 H - 3 scrolls of holy word
 J - 12 scrolls of fog
 S - 3 scrolls of summoning
Potions
 a - 3 potions of might
 h - 5 potions of agility
 m - 30 potions of curing
 o - 16 potions of heal wounds
 v - 3 potions of haste
 x - 2 potions of resistance
 D - 3 potions of cancellation
 Z - 5 potions of mutation
Miscellaneous
 y - 2 phantom mirrors
Comestibles
 B - 35 chunks of flesh
 W - 103 rations


   Skills:
 O Level 27 Fighting
   Level 5.3 Long Blades
 - Level 26.1(27) Axes
 + Level 17.7(24.6) Maces & Flails
 * Level 15.5 Throwing
 * Level 23.3 Armour
 + Level 17.9 Dodging
 + Level 20.6 Stealth
 O Level 27 Shields
 + Level 12.6 Spellcasting
 + Level 10.1 Charms
 * Level 13.5 Summonings
 + Level 9.6 Necromancy
 * Level 9.3 Translocations
 + Level 15.7 Invocations
 + Level 3.6 Evocations


You had 31 spell levels left.
You knew the following spells:

 Your Spells              Type           Power        Failure   Level  Hunger
a - Regeneration          Chrm/Necr      ######....   1%          3    None
b - Summon Small Mammal   Summ           ####         1%          1    None
c - Song of Slaying       Chrm           ######..     1%          2    None
d - Blink                 Tloc           N/A          1%          2    None
e - Summon Forest         Summ/Tloc      ######....   6%          5    ###....
f - Infusion              Chrm           ####         1%          1    None
g - Apportation           Tloc           ######       1%          1    None
h - Aura of Abjuration    Summ           ######....   2%          5    ###....

Your spell library contained the following spells:

 Spells                   Type           Power        Failure   Level  Hunger
 Animate Skeleton         Necr           N/A          1%          1    None
 Pain                     Necr           ####         1%          1    None
 Summon Butterflies       Summ           ######..     1%          1    None
 Call Imp                 Summ           ######..     1%          2    None
 Corpse Rot               Necr           N/A          1%          2    None
 Shroud of Golubria       Chrm/Tloc      ######....   1%          2    None
 Call Canine Familiar     Summ           ######..     1%          3    None
 Gell's Gravitas          Tloc           ######....   1%          3    None
 Vampiric Draining        Necr           ######....   1%          3    None
 Swiftness                Chrm/Air       #####...     4%          2    None
 Summon Guardian Golem    Hex/Summ       #####...     4%          3    None
 Animate Dead             Necr           N/A          4%          4    None
 Passage of Golubria      Tloc           N/A          4%          4    None
 Ozocubu's Armour         Chrm/Ice       #####...     9%          3    None
 Spectral Weapon          Hex/Chrm       #####...     9%          3    None
 Portal Projectile        Hex/Tloc       #####.       11%         3    None
 Excruciating Wounds      Chrm/Necr      ######....   11%         5    ###....
 Agony                    Necr           ######..     12%         5    ###....
 Dispel Undead            Necr           ######..     12%         5    ###....
 Summon Ice Beast         Ice/Summ       #####...     14%         4    None
 Summon Lightning Spire   Summ/Air       #####...     14%         4    None
 Beastly Appendage        Tmut           ##....       22%         1    None
 Confusing Touch          Hex            ##....       22%         1    None
 Corona                   Hex            ##.....      22%         1    None
 Flame Tongue             Conj/Fire      ##...        22%         1    None
 Freeze                   Ice            ##..         22%         1    None
 Magic Dart               Conj           ##..         22%         1    None
 Sandblast                Erth           ##....       22%         1    None
 Shock                    Conj/Air       ##..         22%         1    None
 Sting                    Conj/Pois      ##..         22%         1    None
 Ensorcelled Hibernation  Hex/Ice        ##....       34%         2    None
 Passwall                 Tmut/Erth      ##......     34%         2    None
 Poisonous Vapours        Pois/Air       ##....       34%         2    None
 Searing Ray              Conj           ##....       34%         2    None
 Slow                     Hex            ##......     34%         2    None
 Sticks to Snakes         Tmut           ##......     34%         2    None
 Throw Flame              Conj/Fire      ##....       34%         2    None
 Throw Frost              Conj/Ice       ##....       34%         2    None
 Force Lance              Conj/Tloc      #####...     34%         4    None
 Summon Mana Viper        Hex/Summ       #####...     36%         5    ###....
 Confuse                  Hex            ##......     56%         3    None
 Conjure Flame            Conj/Fire      ##......     56%         3    None
 Dazzling Spray           Conj/Hex       ##....       56%         3    None
 Ignite Poison            Fire/Tmut/Pois ##......     56%         3    None
 Inner Flame              Hex/Fire       ##......     56%         3    None
 Mephitic Cloud           Conj/Pois/Air  ##......     56%         3    None
 Spider Form              Tmut/Pois      ##........   56%         3    None
 Static Discharge         Conj/Air       ##......     56%         3    None
 Stone Arrow              Conj/Erth      ##....       56%         3    None
 Tukima's Dance           Hex            ##......     56%         3    None
 Death Channel            Necr           ######....   56%         6    #####..
 Summon Hydra             Summ           ######....   58%         7    ######.
 Iskenderun's Battlesphe  Conj/Chrm      #####...     61%         5    ###....
 Dispersal                Tloc           ######....   61%         6    #####..
 Bolt of Draining         Conj/Necr      #####.....   65%         5    ###....
 Borgnjor's Vile Clutch   Necr/Erth      #####.....   65%         5    ###....
 Haunt                    Necr/Summ      ######....   86%         7    ######.
 Malign Gateway           Summ/Tloc      ######....   87%         7    ######.
 Airstrike                Air            ##........   92%         4    None
 Cause Fear               Hex            ##........   92%         4    None
 Fulminant Prism          Conj/Hex       ##........   92%         4    None
 Ice Form                 Ice/Tmut       ##......     92%         4    None
 Iskenderun's Mystic Bla  Conj           ##......     92%         4    None
 Leda's Liquefaction      Hex/Erth       ##........   92%         4    None
 Petrify                  Tmut/Erth      ##......     92%         4    None
 Sticky Flame             Conj/Fire      ##......     92%         4    None
 Throw Icicle             Conj/Ice       ##......     92%         4    None
 Alistair's Intoxication  Tmut/Pois      ##......     99%         5    ###....
 Blade Hands              Tmut           ##........   99%         5    ###....
 Bolt of Magma            Conj/Fire/Erth ##........   99%         5    ###....
 Fireball                 Conj/Fire      ##........   99%         5    ###....
 Irradiate                Conj/Tmut      ##........   99%         5    ###....
 Lee's Rapid Deconstruct  Erth           ##........   99%         5    ###....
 Lightning Bolt           Conj/Air       ##........   99%         5    ###....
 Metabolic Englaciation   Hex/Ice        ##........   99%         5    ###....
 Silence                  Hex/Air        ##........   99%         5    ###....
 Venom Bolt               Conj/Pois      ##........   99%         5    ###....
 Yara's Violent Unravell  Hex/Tmut       ##........   99%         5    ###....
 Deflect Missiles         Chrm/Air       #####.....   99%         6    #####..
 Simulacrum               Ice/Necr       #####.....   99%         6    #####..
 Bolt of Fire             Conj/Fire      ##........   100%        6    #####..
 Conjure Ball Lightning   Conj/Air       ##........   100%        6    #####..
 Darkness                 Hex            ##........   100%        6    #####..
 Freezing Cloud           Conj/Ice/Air   ##........   100%        6    #####..
 Hydra Form               Tmut           ##........   100%        6    #####..
 Invisibility             Hex            ##......     100%        6    #####..
 Iron Shot                Conj/Erth      ##........   100%        6    #####..
 Poison Arrow             Conj/Pois      ##........   100%        6    #####..
 Dragon Form              Tmut           ##........   100%        7    ######.
 Orb of Destruction       Conj           ##........   100%        7    ######.
 Ring of Flames           Chrm/Fire      #####.....   100%        7    ######.
 Spellforged Servitor     Conj/Summ      #####.....   100%        7    ######.
 Borgnjor's Revivificati  Necr           ######....   100%        8    #######
 Chain Lightning          Conj/Air       ##........   100%        8    #######
 Controlled Blink         Tloc           N/A          100%        8    #######
 Death's Door             Chrm/Necr      ######....   100%        8    #######
 Discord                  Hex            ##........   100%        8    #######
 Disjunction              Tloc           ######....   100%        8    #######
 Ignition                 Fire           ##........   100%        8    #######
 Infestation              Necr           ######....   100%        8    #######
 Lehudib's Crystal Spear  Conj/Erth      ##........   100%        8    #######
 Necromutation            Tmut/Necr      #####.....   100%        8    #######
 Dragon's Call            Summ           ######....   100%        9    #######
 Fire Storm               Conj/Fire      ##........   100%        9    #######
 Glaciate                 Conj/Ice       ##........   100%        9    #######
 Shatter                  Erth           ##........   100%        9    #######
 Tornado                  Air            ##........   100%        9    #######
 Sublimation of Blood     Necr           Unusable     N/A         2    N/A
 Statue Form              Tmut/Erth      Unusable     N/A         6    N/A

Dungeon Overview and Level Annotations

Branches:
Dungeon (15/15)            Temple (1/1) D:4            Lair (6/6) D:9
 Shoals (4/4) Lair:4        Snake (4/4) Lair:2        Slime (5/5) Lair:6
    Orc (2/2) D:11            Elf (3/3) Orc:2        Vaults (5/5) D:13
  Crypt (3/3) Vaults:3       Tomb (1/3) Crypt:3      Depths (5/5) D:15
   Hell (1/1)                 Dis (7/7) Hell            Geh (7/7) Hell
    Coc (7/7) Hell            Tar (7/7) Hell            Zot (4/5) Depths:5

Altars:
Ashenzari
Cheibriados
Dithmenos
Elyvilon
Fedhas
Gozag
Hepliaklqana
Kikubaaqudgha
Makhleb
Nemelex Xobeh
Okawaru
Qazlal
Ru
Sif Muna
Trog
Uskayaw
Vehumet
Wu Jian
Xom
Yredelemnul
Zin
The Shining One
Jiyva

Shops:
D:5 *   D:6 (   Orc:2 ?[[   Snake:1 !*=:   Snake:4 }}=   Vaults:4 %(
Depths:1 (   Depths:3 *(   Depths:4 =

Portals:
Hell: Depths:1 Depths:2 Depths:3 Depths:4 Depths:5
Abyss: Depths:1 Depths:2 Depths:4 Depths:5
Pandemonium: Depths:3 Depths:5

Annotations:
Depths:5 2 runed translucent doors


Innate Abilities, Weirdness & Mutations

You are resistant to torment.
Your stone body is resilient. (AC +20)
You are immune to poison.
Your large and strong wings let you fly indefinitely.
You resist negative energy. (rN+)
You are resistant to electric shocks. (rElec)
You can survive without breathing.
You are immune to petrification.
You are immune to rotting.
You have a pair of small antennae on your head.
You have sharp toenails.
You are partially covered in molten scales. (AC +2)
You are partially covered in yellow scales. (AC +2)
You are frail. (-10% HP)
You are resistant to hostile enchantments. (MR+)
You passively map a small area around you.
You occasionally shout uncontrollably at your foes.


Message History

The guardian mummy hits you but does no damage.
The greater mummy gestures wildly while chanting. x2
You slice the greater mummy!!
The greater mummy is almost destroyed.
You slice the greater mummy!! You closely miss the guardian mummy.
You slice the greater mummy!! You completely miss the death scarab.
You slash the red devil!
Visions of slaying the greater mummy flood into your mind.
The death scarab closely misses you.
Your orange demon closely misses the guardian mummy.
Your orange demon hits the guardian mummy!
The red devil hops backward while attacking.
You block the red devil's attack.
The mummy priest calls on the powers of darkness!
Something is bathed in an unholy light! x2; Your body is wracked with pain!
* * * LOW HITPOINT WARNING * * *
The ushabti shakes and rattles deafeningly!
The mummy priest invokes the aid of its god against you.
Something smites you!
You die...

* ▓▓..........Z
▓▓...........M *
▓▓.........M..
▓▓........8.Z. ,.
▓▓......##.Zz#*8MMM
▓▓.......##4MM##VM8M,
▓▓.........§s§.MM8MMM
▓.∩........§M@MMMWM8M
>
▓▓.........§4MMMMzMMM
▓▓.......##3ZM##MMMM
▓▓......##M.M#


MMz ▓▓............ § 4 ▓▓..........s.,, ▓▓............ ▓▓........... * * ** You
could see 10 greater mummies, 4 mummy priests, a flayed ghost, 8 guardian
mummies, 4 ushabtiu, an ice devil, a smoke demon, a vampire, 2 death scarabs, a
red devil, 2 flying skulls, 13 mummies, a wight, a sphinx zombie, an iron dragon
skeleton, a golden dragon skeleton and a friendly orange demon.

Vanquished Creatures
  Cerebov (Pan)
  Asmodeus (Geh:7)
  Antaeus (Coc:7)
  Dissolution (Slime:4)
  the Royal Jelly (Slime:5)
  Ereshkigal (Tar:7)
  Gloorx Vloq (Pan)
  the Serpent of Hell (Tar:7)
  Lom Lobon (Pan)
  8 pandemonium lords
  Mnoleg (Pan)
  Dispater (Dis:7)
  An orb of fire (Zot:1)
  Mennas (Crypt:1)
  11 ancient liches
  Mara (Elf:3)
  A greater mummy (Zig:6)
  Sojobo (Depths:1)
  3 Killer Klowns
  6 shard shrikes
  Saint Roka (Snake:1)
  Xtahua (Vaults:3)
  The ghost of Bidatih the Peltast, an adept MiBe of Trog (Vaults:3)
  6 caustic shrikes
  9 golden dragons
  A profane servitor (Abyss:1)
  Nikola (Snake:2)
  7 bone dragons
  14 Tzitzimimeh
  the Enchantress (Depths:1)
  20 Brimstone Fiends
  7 iron giants
  3 doom hounds
  7 hellephants
  Rupert (Lair:6)
  An electric golem (Zot:3)
  4 tentacled monstrosities
  12 Hell Sentinels
  9 Ice Fiends
  14 liches
  2 deep elf blademasters
  4 quicksilver dragons
  13 titans
  Asterion (Elf:3)
  A deep elf master archer (Elf:3)
  2 eldritch tentacles
  3 krakens
  22 Executioners
  12 acid blobs
  Polyphemus (Shoals:4)
  3 tentacled starspawn
  13 ancient champions
  20 shadow dragons
  A thorn hunter (Zig:12)
  7 death cobs
  8 sphinxes
  The ghost of Tramtrist the Champion of Chaos, an adept DDFi of Makhleb (Snake:3)
  12 storm dragons
  Kirke (Shoals:2)
  7 azure jellies (Slime:5)
  Donald (Elf:3)
  7 draconian monks
  12 tengu reavers
  15 vault wardens
  16 fire giants
  2 daevas
  10 draconian knights
  13 nagarajas
  A revenant (Crypt:2)
  Louise (Elf:3)
  12 deep elf sorcerers
  14 frost giants
  2 ghost moths
  14 iron dragons
  Aizul (Vaults:1)
  A caustic shrike zombie (Zig:10)
  13 cacodemons
  3 imperial myrmidons (Desolation)
  An orc warlord (Orc:1)
  25 balrugs
  9 deep elf elementalists
  6 draconian scorchers
  4 curse skulls
  5 warmongers
  3 angels
  40 reapers
  5 draconian shifters
  3 juggernaut zombies
  2 blood saints
  2 draconian stormcallers
  2 ghouls
  19 ironheart preservers
  5 spriggan defenders (Depths:1)
  12 draconian annihilators
  23 very ugly things
  The ghost of Grendash the Severer, a journeyman MiFi of Okawaru (D:13)
  38 stone giants
  5 corrupters
  18 war gargoyles
  5 vampire knights
  2 elemental wellsprings
  10 green draconians
  5 yellow draconians
  5 lorocyprocas
  7 black draconians
  8 deep elf demonologists
  10 red draconians
  11 white draconians
  A spark wasp (Depths:4)
  12 purple draconians
  9 dire elephants
  A halazid warlock (Desolation)
  3 orange crystal statues
  10 deep elf annihilators
  A black sun (Pan)
  12 deep elf death magi
  5 eidola
  An ettin (shapeshifter) (Depths:3)
  19 blizzard demons
  15 merfolk impalers
  14 ettins
  6 merfolk javelineers
  11 green deaths
  A quicksilver dragon zombie (Hell)
  9 mummy priests
  7 fire dragons
  2 kraken zombies
  A crystal guardian (Desolation)
  9 jiangshi
  A fire dragon (shapeshifter) (Vaults:5)
  11 deep elf high priests
  8 naga warriors
  6 ragged hierophants
  4 death oozes
  10 great orbs of eyes
  13 hydras
  3 rakshasas
  2 quicksilver dragon skeletons
  9 servants of whispers (Desolation)
  4 monstrous demonspawn (Pan)
  31 ice dragons
  31 vault guards
  Harold (Lair:1)
  A catoblepas (shapeshifter) (Zig:18)
  6 hell beasts
  21 yaktaur captains
  3 spriggan air magi
  An anaconda (shapeshifter) (Depths:5)
  A shambling mangrove (Zig:12)
  4 peacekeepers (Desolation)
  5 centaur warriors
  11 anacondas
  Erica (Lair:2)
  4 merfolk avatars
  3 satyrs
  2 two-headed ogres (shapeshifter) (Zig:11)
  2 death knights
  A catoblepas (Shoals:4)
  2 alligators (Zig:12)
  4 tengu warriors
  11 merfolk aquamancers
  17 ogre magi
  52 two-headed ogres
  3 death yaks (Shoals:4)
  32 dancing weapons
  4 alligator snapping turtles
  9 deep troll earth magi
  25 hell hogs
  4 deep troll shamans
  10 vampire magi
  20 death scarabs (Tomb:1)
  3 thrashing horrors (Abyss:4)
  4 orc high priests (Orc:2)
  2 titan zombies (Geh:5)
  11 iron golems
  10 shock serpents
  Sonja (Lair:1)
  5 spriggan berserkers
  50 sun demons
  The ghost of teukkam the Fighter, a novice MiFi (D:7)
  34 soul eaters
  22 deep elf knights
  3 wretched stars (Abyss:4)
  6 storm dragon zombies
  15 iron trolls
  8 small abominations
  13 naga sharpshooters
  13 sixfirhies
  2 fire crabs (shapeshifter)
  65 hell knights
  21 shadow wraiths
  6 titan skeletons
  10 sea snakes
  4 salamander mystics
  6 storm dragon skeletons
  88 skeletal warriors
  3 unseen horrors (shapeshifter)
  A ghost moth zombie (Tar:2)
  A glowing orange brain (shapeshifter) (Zig:11)
  A spark wasp zombie (Crypt:2)
  5 unseen horrors
  3 gelid demonspawn (Pan)
  18 shadow demons
  24 deep trolls
  3 anaconda zombies
  A death drake (Tar:7)
  7 naga ritualists
  4 infernal demonspawn (Pan)
  5 torturous demonspawn (Pan)
  3 spatial maelstroms
  A spriggan druid (Zig:15)
  15 glowing orange brains
  2 swamp dragons (Zig:12)
  3 shadow dragon zombies
  3 golden dragon zombies
  A lindwurm (shapeshifter) (Zig:18)
  14 deep elf archers
  2 sphinx zombies
  A lindwurm (Lair:6)
  9 wizards
  5 golden dragon skeletons
  18 phantasmal warriors
  9 flayed ghosts
  5 anaconda skeletons
  16 orc knights
  2 wolf spider zombies
  15 ironbrand convokers
  33 necromancers
  An oklob plant (Lair:2)
  21 harpies
  12 mana vipers
  53 ugly things
  4 orc sorcerers
  6 iron dragon zombies
  A salamander (shapeshifter) (Depths:2)
  5 shining eyes
  9 fire giant zombies
  5 iron dragon skeletons
  6 wolf spiders
  13 manticores
  19 fauns
  61 deep elf magi
  4 shadow dragon skeletons
  A shining eye (shapeshifter) (D:15)
  5 stone giant zombies
  23 cyclopes
  5 frost giant zombies
  18 salamanders
  A fire giant skeleton (Dis:7)
  19 moths of wrath
  17 merfolk sirens
  5 stone giant skeletons
  A worldbinder (Abyss:4)
  7 water nymphs
  56 large abominations
  33 black mambas
  6 frost giant skeletons
  14 guardian serpents
  2 elephants (shapeshifter)
  4 dire elephant zombies
  An eye of devastation (shapeshifter) (Vaults:5)
  28 rust devils
  5 elephants
  2 water nymphs (shapeshifter) (Depths:4)
  An apocalypse crab (Zig:5)
  7 orange demons (Pan)
  2 spriggan skeletons
  An ice statue (Coc:7)
  28 naga magi
  2 gargoyles
  A torpor snail (Lair:4)
  9 molten gargoyles
  23 vault sentinels
  12 spiny frogs
  3 eyes of devastation
  A yaktaur zombie (Vaults:4)
  25 smoke demons
  A shock serpent skeleton (Crypt:2)
  2 storm dragon simulacra
  2 emperor scorpion zombies
  28 hellions
  5 rime drakes
  3 centaur skeletons
  7 komodo dragons
  An anaconda simulacrum (Coc:7)
  A sea snake zombie (Crypt:2)
  2 catoblepas zombies
  A dire elephant skeleton (Coc:7)
  8 efreet
  3 kobold demonologists
  28 tormentors
  54 yaktaurs
  3 demonic crawlers
  13 hellwings (Pan)
  45 ice devils
  A red draconian zombie (Crypt:2)
  34 freezing wraiths
  A spectral merfolk (Depths:2)
  3 queen bees
  A spark wasp simulacrum (Depths:2)
  A ghost moth simulacrum (Coc:7)
  2 ancient zymes
  A golden dragon simulacrum (Coc:1)
  6 tengu conjurers
  21 guardian mummies
  3 silent spectres
  13 trolls
  2 catoblepas skeletons
  26 red devils
  4 wandering mushrooms (Lair:2)
  3 merfolk (shapeshifter)
  5 meliai
  2 harpy zombies
  A jumping spider (shapeshifter) (Depths:4)
  A tengu simulacrum (Vaults:4)
  38 merfolk
  A wind drake (shapeshifter) (Vaults:3)
  A sphinx simulacrum (Depths:2)
  13 hydra zombies
  8 polar bears
  6 hydra skeletons
  13 hornets
  A hornet (shapeshifter) (Vaults:2)
  9 dream sheep
  3 harpy skeletons
  38 saltlings
  2 alligator zombies
  49 slime creatures
  5 wind drakes
  4 fire dragon zombies
  3 raiju
  5 ettin zombies
  A blink frog (shapeshifter) (Vaults:3)
  5 ice dragon zombies
  An iron dragon simulacrum (Coc:1)
  11 hippogriffs
  21 blink frogs
  A frost giant simulacrum (Crypt:3)
  8 snapping turtles
  8 bog bodies
  2 human simulacra
  A fire giant simulacrum (Hell)
  A hippogriff (shapeshifter) (Depths:5)
  An alligator skeleton (Pan)
  2 ice dragon skeletons
  A guardian serpent skeleton (Crypt:3)
  5 spriggans
  58 flying skulls
  22 shadows
  A redback (shapeshifter) (Vaults:5)
  3 air elementals
  6 ettin skeletons
  8 ushabtiu
  3 black mamba zombies
  9 ynoxinuls
  5 wyverns
  3 fire dragon skeletons
  9 vampires
  6 basilisks
  7 hogs (Shoals:2)
  A steam dragon (Lair:2)
  41 wraiths
  21 fire elementals
  48 water elementals
  Grum (D:9)
  64 yaks
  A hog (shapeshifter) (Zig:18)
  7 hungry ghosts
  11 fire bats
  A golden eye (shapeshifter) (Zig:18)
  4 golden eyes (Slime:3)
  A catoblepas simulacrum (Crypt:3)
  13 vampire mosquitoes
  13 chaos spawn
  6 elf skeletons
  25 neqoxecs
  A human zombie (Zig:6)
  8 wargs
  68 hell hounds
  4 acid dragons
  63 nagas
  10 water moccasins
  4 spatial vortices (Abyss:4)
  13 porcupines
  A floating eye (shapeshifter) (Zig:18)
  A soldier ant (Vaults:1)
  A floating eye (Depths:2)
  3 spectral trolls (Depths:2)
  A hydra simulacrum (Coc:7)
  10 spiny frog zombies
  A swamp drake (Zig:12)
  44 orc warriors
  A spectral spriggan (Depths:2)
  17 necrophages
  6 sky beasts
  A merfolk skeleton (Crypt:3)
  3 swamp dragon zombies
  An ice dragon simulacrum (Crypt:2)
  5 phantoms
  A spiny frog skeleton (Pan)
  6 ice beasts
  8 black bears
  3 eyes of draining
  3 manticore zombies
  42 ogres
  2 black bears (shapeshifter) (Depths:3)
  7 snapping turtle zombies
  A black mamba simulacrum (Coc:7)
  13 wolves
  3 snapping turtle skeletons
  9 boggarts
  11 crocodiles
  11 centaurs
  A manticore skeleton (Coc:7)
  A big kobold (shapeshifter) (D:13)
  6 big kobolds
  3 elf zombies
  A bullfrog (shapeshifter) (D:13)
  20 bullfrogs
  A salamander zombie (Crypt:1)
  A komodo dragon skeleton (Crypt:1)
  A yaktaur skeleton (Crypt:1)
  A wyvern skeleton (D:12)
  2 elf simulacra
  2 earth elementals
  3 spriggan zombies
  6 scorpions
  A troll zombie (Crypt:3)
  2 manticore simulacra
  4 spectral ogres (Depths:2)
  61 killer bees
  92 wights
  An electric eel (Lair:4)
  3 howler monkeys
  5 centaur zombies
  3 lava snakes
  9 crimson imps
  A spectral centaur (Depths:2)
  A yaktaur simulacrum (Vaults:1)
  3 starcursed masses (Abyss:4)
  A quasit (Abyss:1)
  2 jellies
  A bullfrog skeleton (D:10)
  32 orc priests
  A demonspawn zombie (Crypt:3)
  3 hounds
  25 iron imps
  27 orc wizards
  A gnoll shaman (D:5)
  7 iguanas
  A black bear skeleton (Crypt:3)
  10 worker ants
  5 hell rats (Hell)
  A troll simulacrum (Depths:2)
  An ogre zombie (Tar:7)
  3 tengu zombies
  4 tengu skeletons
  5 hound skeletons
  24 mummies
  2 worker ant zombies
  11 gnolls
  A gnoll (shapeshifter) (D:13)
  A naga simulacrum (Depths:2)
  15 adders
  2 river rats (Lair:2)
  A river rat (shapeshifter) (D:13)
  14 shadow imps
  19 white imps
  2 oozes
  2 adder zombies
  A halfling zombie (Crypt:1)
  An adder skeleton (D:9)
  4 worms
  2 ball lightnings (Pan)
  2 dart slugs (D:1)
  9 leopard geckos
  100 orcs
  16 bats
  2 giant cockroaches
  4 goblins
  8 hobgoblins
  7 jackals
  4 quokkas
  2 ball pythons
  A dart slug zombie (Crypt:1)
  2 frilled lizards
  A giant cockroach zombie (D:5)
  A gnoll zombie (Crypt:1)
  A goblin zombie (Crypt:2)
  A jackal skeleton (D:9)
  39 kobolds
  A leopard gecko skeleton (D:5)
  3 orc zombies
  6 rats
  2 crawling corpses (Vaults:5)
  5 fire vortices
  4 fungi
  11 plants
  4 starspawn tentacles
  4 tentacles
4591 creatures vanquished.

Vanquished Creatures (collateral kills)
  A pandemonium lord (Zig:8)
  Frederick (Vaults:2)
  A Killer Klown (Zot:4)
  A curse toe (Crypt:3)
  Geryon (Hell)
  A golden dragon (Zot:4)
  2 bone dragons
  A profane servitor (Abyss:1)
  An iron giant (Dis:7)
  3 Brimstone Fiends
  A Tzitzimitl (Tar:2)
  A tentacled monstrosity (Zot:1)
  A Hell Sentinel (Dis:7)
  2 liches (Crypt:3)
  A titan (Zig:18)
  A death cob (Zot:4)
  An Executioner (Pan)
  3 ancient champions
  3 sphinxes
  2 shadow dragons
  A storm dragon (Depths:4)
  A draconian monk (Zot:3)
  3 fire giants
  2 frost giants
  2 iron dragons
  2 vault wardens
  A draconian knight (Zot:1)
  2 deep elf sorcerers
  2 ghost moths
  10 balrugs
  A cacodemon (Pan)
  A draconian annihilator (Zig:14)
  4 reapers
  2 vampire knights
  2 war gargoyles (Dis:7)
  8 stone giants
  3 very ugly things
  A green draconian (Depths:5)
  2 deep elf demonologists (Depths:4)
  2 white draconians
  5 spark wasps
  2 black draconians
  2 yellow draconians (Zot:4)
  A small abomination (Vaults:5)
  2 eidola
  2 purple draconians (Zot:2)
  A merfolk javelineer (Depths:5)
  A green death (Pan)
  5 ettins
  3 blizzard demons
  A mummy priest (Tomb:1)
  A deep elf death mage (Vaults:5)
  A quicksilver dragon zombie (Crypt:2)
  3 fire dragons
  A jiangshi (Crypt:3)
  A yaktaur captain (Depths:4)
  A rakshasa (Depths:3)
  4 great orbs of eyes
  4 ice dragons (Coc:7)
  2 vault guards (Vaults:5)
  3 hydras
  A servant of whispers (Desolation)
  3 monstrous demonspawn (Pan)
  8 two-headed ogres
  6 ogre magi
  An alligator snapping turtle (Shoals:4)
  A shambling mangrove (Zig:12)
  A merfolk avatar (Zig:16)
  A titan zombie (Geh:7)
  6 death scarabs (Tomb:1)
  2 vampire magi
  A deep troll earth mage (Depths:4)
  2 deep troll shamans
  3 hell hogs
  A spriggan berserker (Depths:4)
  10 soul eaters
  6 hell knights
  7 sun demons
  A salamander mystic (Snake:4)
  4 shadow wraiths (Tar:7)
  3 titan skeletons
  21 skeletal warriors
  An iron troll (Depths:5)
  3 shadow demons
  5 deep trolls
  3 golden dragon skeletons
  2 glowing orange brains
  A torturous demonspawn (Pan)
  A shadow dragon zombie (Depths:2)
  6 flayed ghosts
  2 orc knights
  5 necromancers
  3 ironbrand convokers
  A fire giant zombie (Dis:5)
  A phantasmal warrior (Crypt:2)
  An orc sorcerer (Zig:14)
  A manticore (Shoals:4)
  2 shadow dragon skeletons
  A stone giant zombie (Geh:6)
  2 cyclopes
  An iron dragon zombie (Geh:4)
  A sphinx skeleton (Depths:2)
  A manticore (shapeshifter) (Depths:4)
  6 ugly things
  2 frost giant zombies
  3 moths of wrath (Zot:4)
  A shining eye (Slime:4)
  3 large abominations
  A fire giant skeleton (Dis:3)
  A dire elephant zombie (Dis:7)
  A shock serpent zombie (Tar:7)
  2 frost giant skeletons
  A naga mage (Snake:4)
  A spiny frog (Zig:15)
  3 vault sentinels
  A molten gargoyle (Vaults:4)
  2 stone giant skeletons
  A spriggan zombie (Zig:7)
  2 smoke demons
  3 dire elephant skeletons
  4 efreet
  3 hellions
  6 orange demons
  A minotaur zombie (Geh:3)
  An anaconda simulacrum (Depths:2)
  10 yaktaurs
  A demonic crawler (Pan)
  5 tormentors
  4 freezing wraiths
  A guardian mummy (Tomb:1)
  An iron troll zombie (Crypt:2)
  3 ice devils
  2 meliai (Abyss:4)
  11 red devils
  4 hydra zombies
  2 trolls
  3 polar bears
  A harpy zombie (Geh:5)
  2 alligator zombies
  3 hornets
  11 saltlings (Desolation)
  4 raiju
  An ettin zombie (Tar:7)
  A bog body (Zig:12)
  11 slime creatures
  2 ice dragon skeletons
  An alligator skeleton (Coc:1)
  A spriggan skeleton (Zig:7)
  7 flying skulls
  A spriggan (Depths:1)
  3 water elementals
  3 shadows
  4 wraiths
  A black mamba skeleton (Tar:2)
  3 fire elementals (Geh:1)
  2 chaos spawn (Pan)
  A vampire (Depths:2)
  2 golden eyes (Slime:3)
  A vampire mosquito (Zig:12)
  2 neqoxecs (Pan)
  A spatial vortex (Abyss:4)
  2 nagas
  A warg (Vaults:3)
  4 hell hounds
  A spiny frog skeleton (Dis:3)
  A spiny frog zombie (Coc:7)
  An ice beast (Coc:1)
  2 orc warriors
  2 snapping turtle zombies
  An eye of draining (Slime:4)
  A fire dragon simulacrum (Crypt:1)
  2 black bears
  A necrophage (Geh:4)
  8 ogres
  2 wolves (Depths:2)
  A komodo dragon skeleton (Crypt:1)
  10 wights
  3 killer bees
  2 crimson imps
  4 starcursed masses (Abyss:4)
  An orc priest (Orc:2)
  3 orc wizards (Orc:2)
  2 iron imps
  A spriggan simulacrum (Depths:2)
  An ogre zombie (Crypt:1)
  A centaur simulacrum (Depths:2)
  6 mummies
  A swamp drake zombie (Crypt:1)
  8 white imps
  3 orcs
  A crawling corpse (Vaults:5)
  A plant (Depths:2)
  A starspawn tentacle (Abyss:4)
504 creatures vanquished.

Vanquished Creatures (others)
  Bai Suzhen (Snake:3)
  An Ice Fiend (Coc:7)
  An Executioner (Zig:8)
  An acid blob (Slime:5)
  Frances (D:14)
  A nagaraja (Snake:4)
  A draconian knight (Zot:3)
  A draconian annihilator (Zot:1)
  An elemental wellspring (Coc:7)
  A reaper (Dis:5)
  A black draconian (Zot:3)
  A deep elf annihilator (Vaults:1)
  4 merfolk javelineers
  3 yaktaur captains
  A centaur warrior (Vaults:2)
  An anaconda (Snake:3)
  2 satyrs
  2 hell hogs (Geh:1)
  3 naga sharpshooters
  A skeletal warrior (Zig:17)
  5 deep elf archers
  A necromancer (Geh:2)
  A manticore (Shoals:1)
  A cyclops (shapeshifter) (Zig:11)
  A faun (Shoals:1)
  A cyclops (Shoals:3)
  2 black mambas
  A moth of wrath (Zot:2)
  A vault sentinel (Vaults:4)
  2 hellions
  12 yaktaurs
  A tengu conjurer (Depths:3)
  A bog body (Coc:7)
  A flying skull (Geh:7)
  2 ynoxinuls
  2 fire elementals
  4 nagas
  A spiny frog zombie (Coc:7)
  2 orc warriors (Snake:2)
  A boggart (Depths:1)
  3 centaurs
  A crocodile (Lair:1)
  7 killer bees
  A howler monkey (D:11)
  A wight (Geh:6)
  An orc wizard (Vaults:2)
  14 ball lightnings (Pan)
  3 orcs
  2 kobolds (D:11)
  A block of ice (Pan)
  4 fire vortices
  20 fungi
  45 plants
  9 starspawn tentacles
  56 tentacles
240 creatures vanquished.

Grand Total: 5335 creatures vanquished

Notes
Turn   | Place    | Note
-------+----------+-------------------------------------------
     0 | D:1      | dvd the Gargoyle Berserker began the quest for the Orb.
     0 | D:1      | Reached XP level 1. HP: 14/14 MP: 1/1
    72 | D:1      | Reached XP level 2. HP: 10/19 MP: 2/2
   373 | D:1      | Reached ** piety under Trog
   373 | D:1      | Reached XP level 3. HP: 24/24 MP: 3/3
  1063 | D:2      | Reached XP level 4. HP: 24/29 MP: 4/4
  1825 | D:2      | Reached XP level 5. HP: 30/33 MP: 5/5
  2500 | D:3      | Reached skill level 1 in Throwing
  2509 | D:3      | Reached *** piety under Trog
  2522 | D:3      | Reached XP level 6. HP: 34/38 MP: 6/6
  3164 | D:4      | Found a staircase to the Ecumenical Temple.
  3178 | Temple   | Entered the Ecumenical Temple
  3573 | D:4      | Reached skill level 5 in Maces & Flails
  4053 | D:5      | Entered Level 5 of the Dungeon
  4127 | D:5      | Reached XP level 7. HP: 44/44 MP: 7/7
  4818 | D:5      | Found Qasawoum's General Store.
  4857 | D:5      | Bought a potion of heal wounds for 70 gold pieces
  4857 | D:5      | Bought a +0 shield for 63 gold pieces
  5034 | D:5      | Found a sacrificial altar of Ru.
  5158 | D:6      | Reached skill level 5 in Fighting
  5158 | D:6      | Reached XP level 8. HP: 49/49 MP: 8/8
  5178 | D:6      | Reached **** piety under Trog
  5229 | D:6      | Found a transporter.
  5288 | D:6      | Reached skill level 1 in Shields
  5424 | D:6      | Found a transporter.
  5437 | D:6      | Found a white marble altar of Elyvilon.
  5725 | D:6      | Reached skill level 5 in Armour
  5763 | D:6      | Noticed a two-headed ogre
  5837 | D:6      | Found Bobefeck's Antique Weapon Boutique.
  5897 | D:6      | Reached XP level 9. HP: 54/54 MP: 9/9
  6157 | D:7      | Received a gift from Trog
  6223 | D:7      | Found a sacrificial altar of Ru.
  6296 | D:7      | Found a glowing golden altar of the Shining One.
  6483 | D:7      | Found a runed translucent door.
  6487 | D:7      | Found a shimmering altar of Xom.
  6487 | D:7      | Noticed teukkam's ghost (novice MiFi)
  6488 | D:7      | Noticed a +1 quarterstaff of chaos
  6929 | D:8      | Reached skill level 5 in Shields
  7410 | D:8      | Reached skill level 1 in Evocations
  7410 | D:8      | Reached XP level 10. HP: 60/60 MP: 10/10
  7599 | D:9      | Found a staircase to the Lair.
  7694 | D:9      | Reached ***** piety under Trog
  7696 | D:9      | Received a gift from Trog
  7738 | D:9      | Noticed a gargoyle
  7753 | D:9      | Killed a gargoyle
  7753 | D:9      | Reached skill level 10 in Maces & Flails
  7764 | D:9      | Noticed Grum
  7791 | D:9      | Killed Grum
  8072 | D:9      | Received a gift from Trog
  8437 | D:9      | Found a basalt altar of Yredelemnul.
  8437 | D:9      | Found a hazy altar of Hepliaklqana.
  8445 | D:9      | Noticed a two-headed ogre
  8452 | D:9      | Killed a two-headed ogre
  8452 | D:9      | Reached skill level 1 in Axes
  9004 | D:10     | Entered Level 10 of the Dungeon
  9093 | D:10     | Reached skill level 5 in Throwing
  9093 | D:10     | Reached XP level 11. HP: 50/66 MP: 11/11
  9235 | D:10     | Noticed a deep elf mage
  9270 | D:10     | Killed a deep elf mage
  9270 | D:10     | Received a gift from Trog
  9915 | D:11     | Received a gift from Trog
  9960 | D:11     | Found a staircase to the Orcish Mines.
  9978 | D:11     | Noticed an unseen horror
  9996 | D:11     | Killed an unseen horror
 10407 | D:11     | Noticed a two-headed ogre
 10407 | D:11     | Noticed an unseen horror
 10418 | D:11     | Killed an unseen horror
 10423 | D:11     | Killed a two-headed ogre
 10664 | D:11     | Got an iridescent long sword
 10665 | D:11     | Identified the cursed +3 long sword of the Trees {venom,
                  | Str+2 Int+7 Dex+3 Stlth-} (You found it on level 11 of the
                  | Dungeon)
 10807 | D:11     | Reached skill level 1 in Long Blades
 10875 | D:11     | Received a gift from Trog
 10905 | D:11     | Reached XP level 12. HP: 63/72 MP: 12/12
 11113 | D:11     | Found a deep blue altar of Sif Muna.
 11119 | D:11     | Found a runed translucent door.
 11126 | D:11     | Found a burning altar of Makhleb.
 11131 | D:11     | Found a white marble altar of Elyvilon.
 11184 | D:11     | Found a deep blue altar of Sif Muna.
 11198 | D:11     | Found a basalt altar of Yredelemnul.
 11230 | D:11     | Found a blossoming altar of Fedhas.
 11527 | Lair:1   | Entered Level 1 of the Lair of Beasts
 11542 | Lair:1   | Noticed Sonja
 11543 | Lair:1   | Noticed Harold
 11558 | Lair:1   | Killed Sonja
 11562 | Lair:1   | Killed Harold
 12029 | Lair:1   | Noticed a four-headed hydra
 12040 | Lair:1   | Killed a four-headed hydra
 12246 | Lair:1   | Gained mutation: You are somewhat resistant to further
                  | mutation. [potion of mutation]
 12246 | Lair:1   | Gained mutation: Armour fits poorly on your strangely
                  | shaped body. [potion of mutation]
 12769 | Lair:2   | Noticed a six-headed hydra
 12778 | Lair:2   | Killed a six-headed hydra
 13025 | Lair:2   | Reached skill level 10 in Shields
 13418 | Lair:2   | Reached skill level 5 in Dodging
 13673 | Lair:2   | Found a staircase to the Snake Pit.
 14193 | Lair:2   | Reached XP level 13. HP: 78/79 MP: 13/13
 14245 | Lair:2   | Noticed Erica
 14260 | Lair:2   | Killed Erica
 16191 | Lair:3   | Received a gift from Trog
 17102 | Lair:4   | Reached ****** piety under Trog
 17127 | Lair:4   | Noticed an ice dragon
 17141 | Lair:4   | Killed an ice dragon
 17259 | Lair:4   | Found a staircase to the Shoals.
 18067 | Lair:5   | Got a fine falchion
 18068 | Lair:5   | Identified the +4 falchion "Nonesk" {drain, +Fly Int+3}
                  | (You found it on level 5 of the Lair of Beasts)
 18479 | Lair:6   | Entered Level 6 of the Lair of Beasts
 18484 | Lair:6   | Reached skill level 5 in Long Blades
 18550 | Lair:6   | Gained mutation: Your large and strong wings let you fly
                  | indefinitely. [Gargoyle growth]
 18550 | Lair:6   | Reached XP level 14. HP: 82/86 MP: 15/15
 18933 | Lair:6   | Reached skill level 10 in Fighting
 19088 | Lair:6   | Received a gift from Trog
 19088 | Lair:6   | Reached skill level 5 in Axes
 19263 | Lair:6   | Noticed Rupert
 19400 | Lair:6   | Killed Rupert
 19644 | Lair:6   | Found a staircase to the Slime Pits.
 20035 | Lair:6   | Noticed a dire elephant
 20035 | Lair:6   | Noticed a dire elephant
 20046 | Lair:6   | Noticed a dire elephant
 20080 | Lair:6   | Killed a dire elephant
 20088 | Lair:6   | Killed a dire elephant
 20104 | Lair:6   | Killed a dire elephant
 20105 | Lair:6   | Noticed a dire elephant
 20130 | Lair:6   | Killed a dire elephant
 20418 | Lair:6   | Noticed a dire elephant
 20432 | Lair:6   | Killed a dire elephant
 20433 | Lair:6   | Noticed a dire elephant
 20444 | Lair:6   | Killed a dire elephant
 20667 | Orc:1    | Entered Level 1 of the Orcish Mines
 20808 | Orc:2    | Entered Level 2 of the Orcish Mines
 21243 | Orc:2    | Received a gift from Trog
 21246 | Orc:2    | Reached skill level 10 in Armour
 21351 | Orc:2    | Found a staircase to the Elven Halls.
 21401 | Orc:2    | Reached XP level 15. HP: 54/93 MP: 16/16
 21753 | Orc:1    | Noticed an orc warlord
 21784 | Orc:1    | Killed an orc warlord
 22091 | Orc:2    | Received a gift from Trog
 22098 | Orc:2    | Found Gipeer's Antique Armour Emporium.
 22098 | Orc:2    | Found Qoguna's Antique Armour Emporium.
 22100 | Orc:2    | Found Ywubee's Food Shoppe.
 22108 | Orc:2    | Found Ozeefuk's Magic Scroll Shoppe.
 22121 | Orc:2    | Bought a distressingly furry chain mail for 266 gold pieces
 22131 | Orc:2    | Identified the +0 chain mail of Jogg {rCorr Str+3} (You
                  | bought it in a shop on level 2 of the Orcish Mines)
 22135 | Orc:2    | Bought a pair of glowing boots for 210 gold pieces
 22145 | Orc:2    | Identified a +2 pair of boots of running (You bought it in
                  | a shop on level 2 of the Orcish Mines)
 22717 | Orc:2    | Bought an ichor-stained ring mail for 261 gold pieces
 22727 | Orc:2    | Identified the +5 ring mail "Apnashrid" {Str+2} (You bought
                  | it in a shop on level 2 of the Orcish Mines)
 22740 | Orc:2    | Bought a pitted ring mail for 252 gold pieces
 22750 | Orc:2    | Identified the +5 ring mail of Shadows and Fog {*Corrode
                  | Regen+ Str+4 Int+6} (You bought it in a shop on level 2 of
                  | the Orcish Mines)
 24332 | D:13     | Found a runed translucent gate.
 24333 | D:13     | Found a runed translucent gate.
 24333 | D:13     | Found a runed translucent gate.
 24386 | D:13     | Found a runed translucent gate.
 24386 | D:13     | Found a runed translucent gate.
 24392 | D:13     | Found a runed translucent gate.
 24403 | D:13     | Noticed Grendash's ghost (journeyman MiFi)
 24439 | D:13     | Received a gift from Trog
 24924 | D:13     | Found a gate to the Vaults.
 25230 | D:13     | Identified a scroll of acquirement
 25407 | D:13     | Killed Grendash's ghost
 25461 | D:13     | Gained mutation: Your spells are a little easier to cast,
                  | but a little less powerful. [mutagenic glow]
 25581 | D:13     | Gained mutation: You are weak. (Str -2) [mutagenic glow]
 25587 | D:13     | Lost mutation: You are weak. (Str -2) [potion of mutation]
 25587 | D:13     | Lost mutation: Armour fits poorly on your strangely shaped
                  | body. [potion of mutation]
 25587 | D:13     | Lost mutation: Your spells are a little easier to cast, but
                  | a little less powerful. [potion of mutation]
 25630 | D:14     | Received a gift from Trog
 25666 | D:14     | Noticed Frances
 25679 | D:14     | Killed Frances
 26004 | D:14     | Reached XP level 16. HP: 92/100 MP: 17/17
 26359 | D:15     | Entered Level 15 of the Dungeon
 26670 | D:15     | Received a gift from Trog
 26797 | D:15     | Reached skill level 15 in Maces & Flails
 26806 | D:15     | Found a staircase to the Depths.
 26818 | D:15     | Received a gift from Trog
 27583 | D:7      | Killed teukkam's ghost
 27934 | Snake:1  | Entered Level 1 of the Snake Pit
 27953 | Snake:1  | Found Diok's Jewellery Boutique.
 27953 | Snake:1  | Found Xethac's Assorted Antiques.
 27956 | Snake:1  | Found Hataxau's Book Boutique.
 27957 | Snake:1  | Found Okaenioz's Distillery.
 27977 | Snake:1  | Bought the ring "Ifud" {rCorr rF+ rN+} for 611 gold pieces
 28001 | Snake:1  | Bought a faintly glowing chain mail for 180 gold pieces
 28001 | Snake:1  | Identified the +6 chain mail of Past Mistakes {rC+ Int+6
                  | Dex-5} (You bought it in a shop on level 1 of the Snake
                  | Pit)
 28040 | Snake:1  | Bought a potion of resistance for 120 gold pieces
 28394 | Snake:1  | Received a gift from Trog
 28789 | Snake:2  | Reached XP level 17. HP: 106/106 MP: 18/18
 28851 | Snake:2  | Received a gift from Trog
 28970 | Snake:2  | Noticed Nikola
 28970 | Snake:2  | Noticed Saint Roka
 29266 | Snake:1  | Killed Saint Roka
 29266 | Snake:1  | Reached skill level 15 in Shields
 29420 | Snake:2  | Killed Nikola
 30134 | Snake:3  | Received a gift from Trog
 30468 | Snake:3  | Found a large runed translucent door.
 30468 | Snake:3  | Found a large runed translucent door.
 30614 | Snake:3  | Noticed Bai Suzhen
 30632 | Snake:3  | Killed Bai Suzhen
 30942 | Snake:3  | Reached XP level 18. HP: 114/114 MP: 19/19
 30963 | Snake:3  | Received a gift from Trog
 31260 | Snake:3  | Noticed Tramtrist's ghost (adept DDFi)
 31297 | Snake:3  | Killed Tramtrist's ghost
 31362 | Snake:4  | Entered Level 4 of the Snake Pit
 31378 | Snake:4  | Received a gift from Trog
 31731 | Snake:4  | Found Beanas's Jewellery Boutique.
 31732 | Snake:4  | Found Hotz's Gadget Emporium.
 31732 | Snake:4  | Found Byotomir's Gadget Emporium.
 31844 | Snake:4  | Reached skill level 10 in Throwing
 32472 | Snake:4  | Received a gift from Trog
 33043 | Snake:4  | Got a serpentine rune of Zot
 33304 | Shoals:1 | Entered Level 1 of the Shoals
 33920 | Shoals:1 | Identified the +6 morningstar of Wahin {elec, rPois rF+ rN+
                  | Int+2}
 33921 | Shoals:1 | Paralysed by a merfolk siren for 2 turns
 33966 | Shoals:1 | Received a gift from Trog
 33999 | Shoals:1 | Reached XP level 19. HP: 118/121 MP: 20/20
 34192 | Shoals:2 | Noticed Kirke
 34309 | Shoals:2 | Killed Kirke
 35371 | Shoals:3 | Received a gift from Trog
 35599 | Shoals:3 | Reached skill level 10 in Axes
 36133 | Shoals:4 | Entered Level 4 of the Shoals
 36186 | Shoals:4 | Noticed Polyphemus
 36203 | Shoals:4 | Killed Polyphemus
 36646 | Shoals:4 | Received a gift from Trog
 37242 | Shoals:4 | Identified the cursed ring "Ceisisij" {-Tele rN+++ Str-2
                  | Stlth+}
 37291 | Shoals:4 | Identified the cursed +3 hunting sling of the Nine Realms
                  | {venom, rPois Str-5 Int+2 Dex+5}
 37450 | Shoals:4 | Reached XP level 20. HP: 108/128 MP: 21/21
 37463 | Shoals:4 | Identified the +9 scythe of Kofaonk {slice, rPois} (You
                  | found it on level 4 of the Shoals)
 37578 | Shoals:4 | Got a barnacled rune of Zot
 38161 | Elf:1    | Entered Level 1 of the Elven Halls
 38179 | Elf:1    | Reached skill level 15 in Fighting
 38261 | Elf:1    | Received a gift from Trog
 38483 | Elf:1    | Identified Rozuimued's Incunabulum of Evil Rituals
 39718 | Elf:2    | Found a runed translucent gate.
 39718 | Elf:2    | Found a runed translucent gate.
 39727 | Elf:2    | Found a runed translucent gate.
 39857 | Elf:2    | Received a gift from Trog
 40376 | Elf:3    | Entered Level 3 of the Elven Halls
 40425 | Elf:3    | Noticed Louise
 40444 | Elf:3    | Killed Louise
 40920 | Elf:3    | Noticed Mara
 40929 | Elf:3    | Noticed dvd's illusion
 40953 | Elf:3    | Killed Mara
 40953 | Elf:3    | Reached XP level 21. HP: 135/135 MP: 22/22
 40955 | Elf:3    | Received a gift from Trog
 41055 | Elf:3    | Received a gift from Trog
 41145 | Elf:3    | Gained mutation: Your body sometimes deteriorates upon
                  | taking damage. [a cacodemon]
 41216 | Elf:3    | Reached skill level 10 in Dodging
 41450 | Elf:3    | Noticed Asterion
 41462 | Elf:3    | Killed Asterion
 41554 | Elf:3    | Received a gift from Trog
 41729 | Elf:3    | Noticed Donald
 41746 | Elf:3    | Killed Donald
 41966 | Elf:3    | Identified the +5 great sword "Killer Klown's Bane"
                  | {freeze, +Fly}
 41977 | Elf:3    | Identified the ring of Xom's Ringing Laughter {Wiz rElec
                  | rF+}
 42055 | Elf:3    | Got a bloodstained chain mail
 42055 | Elf:3    | Identified the +8 flail of the Poles {drain, SInv}
 42057 | Elf:3    | Identified the Volume of Hadjma
 42090 | Elf:3    | Identified the +7 chain mail of Elyvilon's Whim {-Cast
                  | Str+7} (You found it on level 3 of the Elven Halls)
 42128 | Elf:3    | Got a translucent bone ring
 42131 | Elf:3    | Identified the +6 scale mail of Qazlal's Whim {Str+5} (You
                  | found it on level 3 of the Elven Halls)
 42133 | Elf:3    | Identified the ring of Miracles {Fire *Slow rPois MP+9
                  | Int+3} (You found it on level 3 of the Elven Halls)
 42426 | Vaults:1 | Entered Level 1 of the Vaults
 42575 | Vaults:1 | Noticed Aizul
 42606 | Vaults:1 | Killed Aizul
 43037 | Vaults:1 | Received a gift from Trog
 43038 | Vaults:1 | Found the +14 obsidian axe {chop, +Fly SInv *Curse}
 43047 | Vaults:1 | Cast into level 3 of the Abyss (a deep elf sorcerer)
 43172 | Vaults:1 | Escaped the Abyss
 43357 | Vaults:1 | Paralysed by a great orb of eyes for 3 turns
 43370 | Vaults:1 | Reached XP level 22. HP: 111/142 MP: 10/23
 43595 | Vaults:1 | Found a portal to a secret trove of treasure.
 43848 | Snake:1  | Bought a potion of resistance for 120 gold pieces
 44109 | Vaults:1 | You paid a toll of 3 potions of resistance to enter a
                  | treasure trove
 44110 | Trove    | Entered a treasure trove
 44688 | Vaults:2 | Received a gift from Trog
 44729 | Vaults:2 | Reached skill level 5 in Stealth
 45116 | Vaults:2 | Received a gift from Trog
 45465 | Vaults:2 | Noticed Frederick
 45481 | Vaults:2 | Killed Frederick
 45564 | Vaults:2 | You are sucked into a shaft!
 45747 | Vaults:3 | Found a runed translucent gate.
 45747 | Vaults:3 | Found a runed translucent gate.
 45749 | Vaults:3 | Found a runed translucent gate.
 45757 | Vaults:3 | Noticed Bidatih's ghost (adept MiBe)
 45802 | Vaults:3 | Killed Bidatih's ghost
 45817 | Vaults:3 | Got a bound brass ring
 45818 | Vaults:3 | Identified the ring "Ahidd" {rCorr rElec SInv} (You found
                  | it on level 3 of the Vaults)
 45955 | Vaults:3 | Found a staircase to the Crypt.
 45966 | Vaults:3 | Received a gift from Trog
 46463 | Vaults:3 | Noticed Xtahua
 46464 | Vaults:3 | Paralysed by Xtahua for 3 turns
 46480 | Vaults:3 | Killed Xtahua
 46497 | Vaults:3 | Reached XP level 23. HP: 100/150 MP: 24/24
 46694 | Vaults:3 | Reached skill level 15 in Axes
 47254 | D:11     | Fell from the grace of Trog
 47254 | D:11     | Became a worshipper of Makhleb the Destroyer
 47548 | Vaults:4 | Found Veisug's Weapon Emporium.
 47649 | Vaults:4 | Found a ruined gateway.
 47697 | Desolati | Entered the Desolation of Salt
 47792 | Desolati | Reached * piety under Makhleb
 47812 | Desolati | Got a dazzling helmet
 47823 | Desolati | Identified the +3 helmet of the Salamander {+Inv SInv} (You
                  | found it in the Desolation of Salt)
 47838 | Desolati | Got a pitted long sword
 47839 | Desolati | Identified the cursed +0 long sword "Wagaenol" {drain, rN+
                  | Str+4} (You found it in the Desolation of Salt)
 47988 | Desolati | Identified the cursed +0 spear of Edipus {freeze, rF-
                  | Int+5} (You found it in the Desolation of Salt)
 47993 | Desolati | Identified Qoasos's Reference Book on Talismans and Stolen
                  | Souls
 48210 | Desolati | Reached ** piety under Makhleb
 48228 | Desolati | Got a shimmering silver ring
 48240 | Desolati | Identified the ring "Faugo" {rPois rC+ Int+4 Dex+2 SInv}
                  | (You found it in the Desolation of Salt)
 48244 | Desolati | Identified the Catalogue of the Fetching Birds
 48261 | Desolati | Identified the Tome of the Evil Entourage
 48278 | Desolati | Got a scintillating brass amulet
 48281 | Desolati | Identified the amulet of Grace {Reflect rC++ Dex+6 SH+4}
                  | (You found it in the Desolation of Salt)
 48647 | Vaults:4 | Reached skill level 15 in Armour
 48756 | Vaults:4 | Reached *** piety under Makhleb
 48875 | Vaults:4 | Found Qoxitefaz's Food Boutique.
 49153 | Vaults:4 | Reached **** piety under Makhleb
 49461 | Vaults:4 | Paralysed by Trog for 6 turns
 49688 | Crypt:1  | Entered Level 1 of the Crypt
 49764 | Crypt:1  | Noticed Mennas
 49795 | Crypt:1  | Killed Mennas
 49795 | Crypt:1  | Reached XP level 24. HP: 159/159 MP: 24/24
 50136 | Crypt:1  | Reached ***** piety under Makhleb
 50198 | Crypt:1  | Found the +6 Majin-Bo {vamp, Archmagi MP+6 Int+6}
 51075 | Crypt:3  | Entered Level 3 of the Crypt
 51219 | Crypt:3  | Found a magical portal.
 51233 | WizLab   | Entered Wucad Mu's Monastery
 51393 | WizLab   | Found the +9 staff of Wucad Mu {channel}
 51455 | WizLab   | Reached skill level 1 in Spellcasting
 51455 | WizLab   | Reached skill level 1 in Invocations
 51455 | WizLab   | Reached XP level 25. HP: 165/165 MP: 9/25
 51885 | Crypt:3  | Reached ****** piety under Makhleb
 51989 | Crypt:3  | Found an ancient bone altar of Kikubaaqudgha.
 51994 | Crypt:3  | Found a basalt altar of Yredelemnul.
 52389 | Crypt:3  | Found a staircase to the Tomb.
 52886 | Snake:1  | Bought an uncursed ring of protection from magic for 400
                  | gold pieces
 53230 | Vaults:5 | Entered Level 5 of the Vaults
 53254 | Vaults:5 | Reached XP level 26. HP: 160/172 MP: 25/25
 53730 | Vaults:5 | Got a silver rune of Zot
 53924 | Vaults:5 | Got a vibrating graven amulet
 53925 | Vaults:5 | Identified the amulet "Imoar" {Harm *Drain rElec rF- Str+4}
                  | (You found it on level 5 of the Vaults)
 54214 | Vaults:5 | Identified the Collected Works on Confrontation
 54549 | Vaults:5 | Learned a level 3 spell: Regeneration
 54994 | Slime:1  | Entered Level 1 of the Pits of Slime
 55000 | Slime:1  | Reached XP level 27. HP: 182/182 MP: 25/25
 55077 | Slime:4  | Noticed Dissolution
 55083 | Slime:4  | Killed Dissolution
 55094 | Slime:4  | Gained mutation: Scrolls take you a little longer to read.
                  | [a shining eye]
 55398 | Slime:5  | Entered Level 5 of the Pits of Slime
 55507 | Slime:5  | Noticed the Royal Jelly
 55528 | Slime:5  | Found a viscous altar of Jiyva.
 55548 | Slime:5  | Killed the Royal Jelly
 55654 | Slime:5  | Got a slimy rune of Zot
 55759 | Slime:5  | Identified the +1 leather armour "Teczep" {Regen+} (You
                  | found it on level 5 of the Pits of Slime)
 55762 | Slime:5  | Identified the cursed +0 rapier of Impeachment {pierce,
                  | *Rage rF+ Str+8} (You found it on level 5 of the Pits of
                  | Slime)
 55764 | Slime:5  | Lost mutation: Scrolls take you a little longer to read.
                  | [potion of mutation]
 55764 | Slime:5  | Lost mutation: Your body sometimes deteriorates upon taking
                  | damage. [potion of mutation]
 55764 | Slime:5  | Lost mutation: You are somewhat resistant to further
                  | mutation. [potion of mutation]
 55764 | Slime:5  | Gained mutation: You are dopey. (Int -2) [potion of
                  | mutation]
 55764 | Slime:5  | Gained mutation: You are weak. (Str -2) [potion of
                  | mutation]
 55764 | Slime:5  | Gained mutation: Your spells are a little easier to cast,
                  | but a little less powerful. [potion of mutation]
 55764 | Slime:5  | Gained mutation: You are agile. (Dex +2) [potion of
                  | mutation]
 56567 | Depths:1 | Entered Level 1 of the Depths
 56567 | Depths:1 | Found a one-way gate to the infinite horrors of the Abyss.
 56589 | Depths:1 | Identified the +3 faerie dragon scales {*Corrode rPois
                  | rCorr Int+3 SInv}
 56589 | Depths:1 | Noticed the Enchantress
 56612 | Depths:1 | Killed the Enchantress
 56658 | Depths:1 | Found a gateway to Hell.
 56671 | Depths:1 | Voluntarily entered the Abyss.
 56672 | Abyss:1  | Found a corrupted altar of Lugonu.
 56820 | Abyss:3  | Found a corrupted altar of Lugonu.
 56825 | Abyss:4  | Found a corrupted altar of Lugonu.
 56905 | Abyss:4  | Found a corrupted altar of Lugonu.
 56931 | Abyss:4  | Found a corrupted altar of Lugonu.
 57180 | Abyss:4  | Found a corrupted altar of Lugonu.
 57331 | Abyss:4  | Got an abyssal rune of Zot
 57394 | Depths:1 | Escaped the Abyss
 57689 | Depths:1 | Noticed Sojobo
 57701 | Depths:1 | Killed Sojobo
 57862 | Depths:1 | Found Zathi's Antique Weapon Boutique.
 57974 | Hell     | Entered the Vestibule of Hell
 57982 | Hell     | Noticed Geryon
 58050 | Hell     | Killed Geryon
 58050 | Hell     | Reached skill level 5 in Invocations
 58069 | Hell     | Found a gateway to the freezing wastes of Cocytus.
 58135 | Hell     | Reached skill level 15 in Dodging
 58317 | Hell     | Found a gateway to the Iron City of Dis.
 58377 | Hell     | Found a gateway to the ashen valley of Gehenna.
 58452 | Hell     | Found a gateway to the decaying netherworld of Tartarus.
 58876 | Depths:2 | Reached skill level 1 in Charms
 59092 | Depths:2 | Noticed an ancient lich
 59101 | Depths:2 | Killed an ancient lich
 59322 | Depths:2 | Found the +5 robe of Night {Dark MR+ SInv}
 59343 | Depths:2 | Identified Sif Muna's Catalogue of Weightlessness and
                  | Moulding
 59467 | Depths:2 | Found the +5 robe of Misfortune {*Contam Harm *Corrode
                  | *Drain *Slow EV+5}
 59468 | Depths:2 | Paralysed by a floating eye for 3 turns
 59474 | Depths:2 | Paralysed by a floating eye for 2 turns
 59719 | Depths:3 | Found a one-way gate leading to the halls of Pandemonium.
 59731 | Depths:3 | Found Fixu's Assorted Antiques.
 59766 | Depths:3 | Found Udalli's Antique Weapon Boutique.
 59825 | Depths:3 | Found a gateway to a ziggurat.
 59825 | Depths:3 | Identified the +8 large shield of Sif Muna's Outrage
                  | {Str+3}
 60058 | Depths:3 | Was forgiven by Trog
 61174 | Depths:4 | Found Axtostru's Jewellery Shop.
 61183 | Depths:4 | Reached skill level 10 in Stealth
 61388 | Depths:4 | Identified the +0 chain mail of the Eight Suns {rPois rC+
                  | SInv} (You found it on level 4 of the Depths)
 61795 | Depths:4 | Identified the +1 plate armour of Qetysuo {-Tele Str+4
                  | Slay+3} (You found it on level 4 of the Depths)
 62048 | Depths:4 | Reached skill level 10 in Invocations
 62283 | Depths:4 | Found an ancient bone altar of Kikubaaqudgha.
 62317 | Depths:5 | Entered Level 5 of the Depths
 62438 | Depths:5 | Identified the +8 glaive "Bosimoj" {pain, Int+2 Stlth+}
                  | (You found it on level 5 of the Depths)
 63276 | Depths:5 | Found a runed translucent door.
 63280 | Depths:5 | Found a runed translucent door.
 63308 | Depths:5 | Found a runed translucent door.
 63308 | Depths:5 | Found a runed translucent door.
 63374 | Depths:5 | Found a gate to the Realm of Zot.
 63410 | Depths:5 | Found a runed translucent door.
 63446 | Depths:5 | Found a runed translucent door.
 63496 | Depths:5 | Got a warped bronze ring
 63498 | Depths:5 | Identified the ring "Ucsux" {rPois rN+ MR+ Str+2} (You
                  | found it on level 5 of the Depths)
 63570 | Pan      | Entered Pandemonium
 63779 | Pan      | Noticed Koxuujigh the pandemonium lord
 63808 | Pan      | Killed Koxuujigh the pandemonium lord
 63812 | Pan      | Gained mutation: You are occasionally teleported next to
                  | monsters. [a cacodemon]
 64002 | Pan      | Gained mutation: Armour fits poorly on your strangely
                  | shaped body. [a neqoxec]
 64016 | Pan      | Noticed Rumuf the pandemonium lord
 64037 | Pan      | Killed Rumuf the pandemonium lord
 64065 | Pan      | Got a demonic rune of Zot
 64123 | Pan      | Entered the realm of Gloorx Vloq.
 64999 | Pan      | Noticed Gloorx Vloq
 65019 | Pan      | Killed Gloorx Vloq
 65121 | Pan      | Got a dark rune of Zot
 65293 | Pan      | Noticed Milerof the pandemonium lord
 65310 | Pan      | Killed Milerof the pandemonium lord
 65357 | Pan      | Identified the +3 robe of the Hurricane {*Contam rF+ rN++
                  | SInv} (You found it in Pandemonium)
 65362 | Pan      | Found a runed translucent door.
 65393 | Pan      | Found a runed translucent door.
 65419 | Pan      | Found a runed translucent door.
 65632 | Pan      | Identified the cursed +0 scale mail of Nijuvihik {Stlth+}
                  | (You found it in Pandemonium)
 65661 | Pan      | Entered the realm of Cerebov.
 65966 | Pan      | Found an exit through the horrors of the Abyss.
 66339 | Pan      | Identified the Guide on Snow and Execration
 66341 | Pan      | Identified the +6 sword of Cerebov {flame}
 66341 | Pan      | Noticed Cerebov
 66376 | Pan      | Killed Cerebov
 66419 | Pan      | Identified the +5 short sword "Cybinaw" {pain, rPois} (You
                  | found it in Pandemonium)
 66456 | Pan      | Got an ichor-stained cloak
 66467 | Pan      | Identified the +3 cloak of the Serpent {rPois rF+} (You
                  | found it in Pandemonium)
 66509 | Pan      | Got a fiery rune of Zot
 66514 | Pan      | Identified Hiekh's Incunabulum of Helpful Flames
 66628 | Pan      | Identified the +8 long sword of Conscience {speed, rC+ MR-
                  | Str-3 Dex+9} (You found it in Pandemonium)
 66708 | Pan      | Found a runed translucent door.
 66721 | Pan      | Found a runed translucent door.
 66723 | Pan      | Found a runed translucent door.
 66728 | Pan      | Found a runed translucent door.
 66735 | Pan      | Entered the realm of Lom Lobon.
 67328 | Pan      | Noticed Lom Lobon
 67706 | Pan      | Killed Lom Lobon
 67767 | Pan      | Got a magical rune of Zot
 67872 | Pan      | Noticed Kefin the pandemonium lord
 67904 | Pan      | Killed Kefin the pandemonium lord
 68224 | Pan      | Entered the realm of Mnoleg.
 68262 | Pan      | Gained mutation: Scrolls take you a little longer to read.
                  | [a neqoxec]
 68343 | Pan      | Noticed Mnoleg
 68361 | Pan      | Gained mutation: You are very weak. (Str -4) [a neqoxec]
 68365 | Pan      | Killed Mnoleg
 68422 | Pan      | Got a glowing rune of Zot
 68668 | Pan      | Gained mutation: Your spells are easier to cast, but less
                  | powerful. [a cacodemon]
 68748 | Pan      | Reached skill level 27 in Fighting
 68825 | Pan      | Noticed Demurum the pandemonium lord
 68843 | Pan      | Killed Demurum the pandemonium lord
 68904 | Pan      | Found an exit through the horrors of the Abyss.
 68953 | Pan      | Took an exit into the Abyss.
 68953 | Abyss:1  | Escaped into the Abyss
 69087 | Depths:5 | Escaped the Abyss
 69094 | Depths:5 | Lost mutation: Your spells are easier to cast, but less
                  | powerful. [potion of mutation]
 69094 | Depths:5 | Lost mutation: Armour fits poorly on your strangely shaped
                  | body. [potion of mutation]
 69094 | Depths:5 | Lost mutation: You are very weak. (Str -4) [potion of
                  | mutation]
 69094 | Depths:5 | Lost mutation: Scrolls take you a little longer to read.
                  | [potion of mutation]
 69094 | Depths:5 | Gained mutation: Scrolls take you a little longer to read.
                  | [potion of mutation]
 69094 | Depths:5 | Gained mutation: You are resistant to hostile enchantments.
                  | (MR+) [potion of mutation]
 69095 | Depths:5 | Lost mutation: You are agile. (Dex +2) [potion of mutation]
 69095 | Depths:5 | Lost mutation: You are dopey. (Int -2) [potion of mutation]
 69095 | Depths:5 | Lost mutation: Scrolls take you a little longer to read.
                  | [potion of mutation]
 69095 | Depths:5 | Gained mutation: You passively map a small area around you.
                  | [potion of mutation]
 69095 | Depths:5 | Gained mutation: You are partially covered in molten
                  | scales. (AC +2) [potion of mutation]
 69178 | Dis:1    | Entered Level 1 of the Iron City of Dis
 69924 | Dis:5    | Learned a level 1 spell: Summon Small Mammal
 70114 | Dis:7    | Entered Level 7 of the Iron City of Dis
 70199 | Dis:7    | Reached skill level 1 in Summonings
 70231 | Dis:7    | Reached skill level 15 in Invocations
 70464 | Dis:7    | Got a shimmering wooden ring
 70465 | Dis:7    | Identified the ring of Trepidation {rC+ Int+8 SInv} (You
                  | found it on level 7 of the Iron City of Dis)
 70543 | Dis:7    | Reached skill level 27 in Shields
 70634 | Dis:7    | Identified the +4 staff of Dispater
 70634 | Dis:7    | Noticed Dispater
 70673 | Dis:7    | Gained mutation: You occasionally shout uncontrollably at
                  | your foes. [a cacodemon]
 70679 | Dis:7    | Killed Dispater
 70713 | Dis:7    | Identified The Lost Incunabulum of Sif Muna
 70776 | Dis:7    | Gained mutation: Your magical capacity is low. (-10% MP) [a
                  | cacodemon]
 70845 | Dis:7    | Got an iron rune of Zot
 70937 | Dis:7    | Got a twitching lapis lazuli ring
 70939 | Dis:7    | Identified the ring of Urauxuup {*Contam rPois Str+2 Int+8
                  | Dex+6} (You found it on level 7 of the Iron City of Dis)
 71208 | Dis:7    | Reached skill level 5 in Spellcasting
 71756 | Dis:7    | Reached skill level 5 in Summonings
 72009 | Coc:1    | Entered Level 1 of Cocytus
 72604 | Coc:7    | Entered Level 7 of Cocytus
 73025 | Coc:7    | Identified the +2 cloak "Kofut" {Stlth+} (You found it on
                  | level 7 of Cocytus)
 73026 | Coc:7    | Identified Ikheure's Catalogue of Boosting Transmigration
 73029 | Coc:7    | Got a bound copper ring
 73031 | Coc:7    | Identified the ring of Fulloj {+Inv rF+ MR+ Str+5} (You
                  | found it on level 7 of Cocytus)
 73245 | Coc:7    | Noticed Antaeus
 73279 | Coc:7    | Killed Antaeus
 73285 | Coc:7    | Got an icy rune of Zot
 73308 | Coc:7    | Identified the +5 hand axe of Qazlal's Hope {flame, SInv}
                  | (You found it on level 7 of Cocytus)
 73881 | Geh:1    | Entered Level 1 of Gehenna
 73888 | Geh:1    | Reached skill level 1 in Necromancy
 74115 | Geh:2    | Identified the +8 great mace of Division {flame, Str+7}
 74280 | Geh:3    | Reached skill level 15 in Stealth
 75054 | Geh:7    | Entered Level 7 of Gehenna
 75186 | Geh:7    | Reached skill level 5 in Charms
 75577 | Geh:7    | Identified the +7 sceptre of Asmodeus
 75577 | Geh:7    | Noticed Asmodeus
 75608 | Geh:7    | Killed Asmodeus
 75608 | Geh:7    | Reached skill level 5 in Necromancy
 75653 | Geh:7    | Got an obsidian rune of Zot
 75871 | Geh:7    | Reached skill level 10 in Spellcasting
 76193 | Geh:7    | Identified the Grimoire of Harmful Cold
 76199 | Geh:7    | Identified the +5 ring mail "Ehop" {Int+5} (You found it on
                  | level 7 of Gehenna)
 76206 | Geh:7    | Identified the +4 trident "Hurchis" {pierce, +Fly rPois rF+
                  | Dex-5} (You found it on level 7 of Gehenna)
 76455 | Hell     | Learned a level 2 spell: Song of Slaying
 76457 | Tar:1    | Entered Level 1 of Tartarus
 76836 | Tar:3    | Reached skill level 10 in Summonings
 77289 | Tar:7    | Entered Level 7 of Tartarus
 77435 | Tar:7    | Noticed the Serpent of Hell
 77469 | Tar:7    | Killed the Serpent of Hell
 77492 | Tar:7    | Noticed Ereshkigal
 77526 | Tar:7    | Killed Ereshkigal
 77744 | Tar:7    | Got a scorched copper amulet
 77745 | Tar:7    | Identified the amulet of Spite {RegenMP rF+} (You found it
                  | on level 7 of Tartarus)
 77928 | Tar:7    | Noticed an ancient lich
 77929 | Tar:7    | Noticed an ancient lich
 77935 | Tar:7    | Killed an ancient lich
 77939 | Tar:7    | Killed an ancient lich
 77946 | Tar:7    | Learned a level 2 spell: Blink
 77957 | Tar:7    | Identified the cursed +1 troll leather armour of the Game
                  | of Kings {+Fly Regen+ Int+4 Stlth+} (You found it on level
                  | 7 of Tartarus)
 78074 | Tar:7    | Got a fine diamond amulet
 78075 | Tar:7    | Identified the amulet "Xuarphaf" {Spirit MR+} (You found it
                  | on level 7 of Tartarus)
 78090 | Tar:7    | Noticed an ancient lich
 78092 | Tar:7    | Noticed an ancient lich
 78099 | Tar:7    | Killed an ancient lich
 78099 | Tar:7    | Reached skill level 1 in Translocations
 78105 | Tar:7    | Killed an ancient lich
 78109 | Tar:7    | Identified the +3 battleaxe of the Egg {vamp, Str+2} (You
                  | found it on level 7 of Tartarus)
 78168 | Tar:7    | Identified the +2 chain mail of a bazaar {rPois rF+ SInv}
                  | (You found it on level 7 of Tartarus)
 78205 | Tar:7    | Got a bone rune of Zot
 78709 | Hell     | Lost mutation: You are resistant to hostile enchantments.
                  | (MR+) [potion of mutation]
 78709 | Hell     | Lost mutation: Your spells are a little easier to cast, but
                  | a little less powerful. [potion of mutation]
 78709 | Hell     | Lost mutation: You occasionally shout uncontrollably at
                  | your foes. [potion of mutation]
 78709 | Hell     | Gained mutation: You are partially covered in yellow
                  | scales. (AC +2) [potion of mutation]
 78709 | Hell     | Gained mutation: You are frail. (-10% HP) [potion of
                  | mutation]
 78709 | Hell     | Gained mutation: You are clumsy. (Dex -2) [potion of
                  | mutation]
 78709 | Hell     | Gained mutation: You have a pair of small antennae on your
                  | head. [potion of mutation]
 78710 | Hell     | Lost mutation: Your magical capacity is low. (-10% MP)
                  | [potion of mutation]
 78710 | Hell     | Lost mutation: You are clumsy. (Dex -2) [potion of
                  | mutation]
 78710 | Hell     | Lost mutation: You are weak. (Str -2) [potion of mutation]
 78710 | Hell     | Lost mutation: You are occasionally teleported next to
                  | monsters. [potion of mutation]
 78710 | Hell     | Gained mutation: You have sharp toenails. [potion of
                  | mutation]
 78710 | Hell     | Gained mutation: You are resistant to hostile enchantments.
                  | (MR+) [potion of mutation]
 78810 | Depths:5 | Learned a level 5 spell: Summon Forest
 78835 | Zot:1    | Entered Level 1 of the Realm of Zot
 78835 | Zot:1    | Noticed an orb of fire
 78841 | Zot:1    | Gained mutation: You occasionally shout uncontrollably at
                  | your foes. [an orb of fire]
 78843 | Zot:1    | Killed an orb of fire
 79868 | Zot:2    | Found a transporter.
 79926 | Zot:2    | Found a transporter.
 80049 | Zot:2    | Identified the amulet of Cereifid {Harm *Drain rN+ MR+}
                  | (You found it on level 2 of the Realm of Zot)
 80056 | Zot:2    | Identified the ring "Salaschik" {+Fly rPois rF++ Int+3
                  | Stlth-} (You found it on level 2 of the Realm of Zot)
 81317 | Zot:4    | Noticed an ancient lich
 81385 | Zot:4    | Reached skill level 5 in Translocations
 81541 | Zot:4    | Paralysed by an ancient lich for 6 turns
 81555 | Zot:4    | Killed an ancient lich
 81752 | Zot:4    | Identified the cursed -5 pair of gloves of Starshine {-Tele
                  | rN+++ Dex-4 Stlth+} (You found it on level 4 of the Realm
                  | of Zot)
 82491 | Tomb:1   | Entered Level 1 of the Tomb of the Ancients
 83340 | Tomb:1   | Learned a level 1 spell: Infusion
 83927 | Zig:1    | Entered Level 1 of a ziggurat
 83928 | Zig:1    | Noticed Rubretz the pandemonium lord
 83939 | Zig:1    | Killed Rubretz the pandemonium lord
 84060 | Zig:2    | Entered Level 2 of a ziggurat
 84093 | Zig:3    | Entered Level 3 of a ziggurat
 84122 | Zig:3    | Got a flickering zirconium amulet
 84127 | Zig:3    | Identified the amulet "Cisounas" {Faith rN+ Str+3 Dex+2}
                  | (You found it on level 3 of a ziggurat)
 84131 | Zig:3    | Got a distressingly furry crystal plate armour
 84142 | Zig:3    | Identified the +14 crystal plate armour of Purpose
                  | {*Corrode rC+ Stlth+} (You found it on level 3 of a
                  | ziggurat)
 84143 | Zig:4    | Entered Level 4 of a ziggurat
 84192 | Zig:5    | Entered Level 5 of a ziggurat
 84197 | Zig:5    | Noticed Nuwewny the pandemonium lord
 84212 | Zig:5    | Cast into level 4 of the Abyss (Nuwewny)
 84219 | Zig:5    | Escaped the Abyss
 84229 | Zig:5    | Killed Nuwewny the pandemonium lord
 84257 | Zig:6    | Entered Level 6 of a ziggurat
 84263 | Zig:6    | Noticed a greater mummy
 84266 | Zig:6    | Found the +7 captain's cutlass {speed, disarm}
 84280 | Zig:6    | Killed a greater mummy
 84347 | Zig:7    | Entered Level 7 of a ziggurat
 84387 | Zig:7    | Got a coiled glass ring
 84399 | Zig:7    | Identified the ring of Fedhas's Whim {*Corrode +Blink +Fly
                  | Str+2} (You found it on level 7 of a ziggurat)
 84411 | Zig:7    | Got a slimy hat
 84422 | Zig:7    | Identified the +2 hat of Ucreot {+Blink rElec MP-9} (You
                  | acquired it on level 7 of a ziggurat)
 84466 | Zig:8    | Entered Level 8 of a ziggurat
 84473 | Zig:8    | Noticed Gigigec the pandemonium lord
 84498 | Zig:8    | Killed Gigigec the pandemonium lord
 84525 | Zig:9    | Entered Level 9 of a ziggurat
 84538 | Zig:9    | Noticed Jinkyfuo the pandemonium lord
 84559 | Zig:9    | Killed Jinkyfuo the pandemonium lord
 84581 | Zig:9    | Identified the Guide on Feathery Displacement
 84585 | Zig:9    | Learned a level 1 spell: Apportation
 84585 | Zig:9    | Identified the Grimoire of Assistive Earth
 84590 | Zig:9    | Identified the +11 morningstar of Terror {crush, +Inv MP+9
                  | Str-3 SInv} (You found it on level 9 of a ziggurat)
 84606 | Zig:10   | Entered Level 10 of a ziggurat
 84614 | Zig:10   | Found the +3 robe of Clouds {+Thunder rCloud rElec}
 84682 | Zig:11   | Entered Level 11 of a ziggurat
 84770 | Zig:11   | Identified the Handbook of the Doomed Frostbite
 84789 | Zig:12   | Entered Level 12 of a ziggurat
 84812 | Zig:12   | Reached skill level 10 in Charms
 84900 | Zig:13   | Entered Level 13 of a ziggurat
 84947 | Zig:13   | Found the +9 sword of Zonguldrok {reap}
 84965 | Zig:13   | Got a wavering wooden ring
 84985 | Zig:13   | Identified the ring "Pyplab" {rElec rPois rN++} (You found
                  | it on level 13 of a ziggurat)
 84992 | Zig:14   | Entered Level 14 of a ziggurat
 85006 | Zig:14   | Noticed an ancient lich
 85022 | Zig:14   | Killed an ancient lich
 85095 | Zig:14   | Identified the Volume of Snow and Bewitchment
 85146 | Zig:15   | Entered Level 15 of a ziggurat
 85295 | Zig:15   | Got a smoking lead ring
 85297 | Zig:15   | Identified the ring "Verini" {rC+ rN++ MR+ Dex-5} (You
                  | found it on level 15 of a ziggurat)
 85301 | Zig:15   | Got a transparent iron ring
 85303 | Zig:15   | Identified the ring of Ynuubbow {rElec rF+ MR- Str+3 Dex+4}
                  | (You found it on level 15 of a ziggurat)
 85308 | Zig:15   | Identified the Papyrus of the Entourage and the Frostbite
 85316 | Zig:15   | Learned a level 5 spell: Aura of Abjuration
 85331 | Zig:16   | Entered Level 16 of a ziggurat
 85475 | Zig:16   | Identified the Papyrus of the Aerial Blaze
 85479 | Zig:16   | Identified Leufor's Volume of Venomous Fascination
 85483 | Zig:16   | Identified the Grimoire of Flames
 85490 | Zig:16   | Got an ancient broad axe
 85491 | Zig:16   | Identified the +11 broad axe "Ridon" {chop, MR+} (You found
                  | it on level 16 of a ziggurat)
 85511 | Zig:17   | Entered Level 17 of a ziggurat
 85535 | Zig:17   | Reached skill level 15 in Throwing
 85571 | Zig:17   | Found the amulet of the Air {Inacc +Fly rElec EV+5 RMsl}
 85592 | Zig:17   | Got a sparkling pewter amulet
 85593 | Zig:17   | Identified the amulet "Mazxewos" {Spirit rF++ Int-3 Dex+6}
                  | (You found it on level 17 of a ziggurat)
 85618 | Zig:18   | Entered Level 18 of a ziggurat
 85629 | Zig:18   | Noticed an ancient lich
 85630 | Zig:18   | Noticed an ancient lich
 85631 | Zig:18   | Noticed an ancient lich
 85633 | Zig:18   | Noticed an ancient lich
 85644 | Zig:18   | Killed an ancient lich
 85649 | Zig:18   | Killed an ancient lich
 85651 | Zig:18   | Killed an ancient lich
 85651 | Zig:18   | Killed an ancient lich
 85711 | Zig:18   | Identified the +1 pair of gloves of Gagouk {+Inv rF- Str+7
                  | Slay+3} (You found it on level 18 of a ziggurat)
 85765 | Zig:19   | Entered Level 19 of a ziggurat
 85774 | Zig:19   | Noticed a greater mummy
 85774 | Zig:19   | Noticed a greater mummy
 85776 | Zig:19   | Noticed a greater mummy
 85777 | Zig:19   | Noticed a greater mummy
 85777 | Zig:19   | Noticed a greater mummy
 85777 | Zig:19   | Noticed a greater mummy
 85779 | Zig:19   | Noticed a greater mummy
 85780 | Zig:19   | Noticed a greater mummy
 85783 | Zig:19   | Noticed a greater mummy
 85785 | Zig:19   | Noticed a greater mummy
 85785 | Zig:19   | Noticed a greater mummy
 85789 | Zig:19   | HP: 8/179 [greater mummy/divine providence (15)]
 85793 | Zig:19   | Killed from afar by a mummy priest

Skill      XL: |  1  2  3  4  5  6  7  8  9 10 11 12 13 14 15 16 17 18 19 20 21 22 23 24 25 26 27 |
---------------+----------------------------------------------------------------------------------+-----
Maces & Flails | 4 5 6 8 9 10 11 12 13 14 15 16 17 | 17.7
Dodging        | 2 3 4 5 6 7 8 9 10 11 13 17 | 17.9
Fighting       | 4 5 6 7 8 9 10 11 12 13 14 15 16 17 18 19 21 27 | 27.0
Armour         | 3 4 5 6 7 8 9 10 11 14 16 17 18 23 | 23.3
Throwing       | 1 2 3 4 5 6 7 8 9 10 11 15 | 15.5
Stealth        | 2 3 4 6 7 8 20 | 20.6
Shields        | 3 5 7 9 10 11 13 14 15 17 18 19 20 21 22 23 27 | 27.0
Evocations     | 1 2 3 |  3.6
Axes           | 1 3 5 6 7 8 9 10 14 16 17 18 26 | 26.1
Long Blades    | 2 4 5 |  5.3
Spellcasting   | 1 12 | 12.6
Invocations    | 1 15 | 15.7
Charms         | 10 | 10.1
Summonings     | 13 | 13.5
Necromancy     | 9 |  9.6
Translocations | 9 |  9.3

Action                   |  1- 3 |  4- 6 |  7- 9 | 10-12 | 13-15 | 16-18 | 19-21 | 22-24 | 25-27 || total
-------------------------+-------+-------+-------+-------+-------+-------+-------+-------+-------++-------
Melee: Mace              |   108 |   193 |    14 |   570 |       |       |       |       |       ||   885
       Morningstar       |       |    55 |   406 |   442 |  1143 |  1059 |  1539 |       |       ||  4644
       War axe           |       |       |       |    54 |       |       |       |       |       ||    54
       Hand axe          |       |       |       |    24 |   227 |       |       |       |       ||   251
       Long sword        |       |       |       |    23 |    53 |     5 |       |       |       ||    81
       Broad axe         |       |       |       |       |    96 |   277 |   144 |  1218 |  6800 ||  8535
       Eveningstar       |       |       |       |       |       |     3 |       |       |       ||     3
Throw: Javelin           |       |    43 |    31 |    88 |     9 |   106 |   140 |       |   164 ||   581
       Tomahawk          |       |       |    30 |    25 |   230 |   162 |    70 |     6 |       ||   523
 Cast: Regeneration      |       |       |       |       |       |       |       |       |    33 ||    33
       Song of Slaying   |       |       |       |       |       |       |       |       |    15 ||    15
       Aura of Abjuratio |       |       |       |       |       |       |       |       |     2 ||     2
       Summon Forest     |       |       |       |       |       |       |       |       |     2 ||     2
       Summon Small Mamm |       |       |       |       |       |       |       |       |     1 ||     1
       Infusion          |       |       |       |       |       |       |       |       |     1 ||     1
Invok: Berserk           |     1 |     3 |     7 |     7 |    13 |    10 |     1 |       |       ||    42
       Trog's Hand       |       |       |     1 |     2 |     9 |     3 |    13 |     3 |       ||    31
       Brothers in Arms  |       |       |       |       |     3 |     2 |     1 |       |       ||     6
       Major Destruction |       |       |       |       |       |       |       |       |     1 ||     1
 Abil: Fly               |       |       |       |       |     1 |       |       |       |       ||     1
Evoke: Wand              |       |       |     6 |     9 |    15 |    16 |    28 |       |     6 ||    80
       Phantom mirror    |       |       |       |       |       |       |       |       |     2 ||     2
  Use: Scroll            |     6 |     3 |     3 |     5 |    10 |    12 |    10 |    10 |    59 ||   118
       Potion            |       |       |     1 |    10 |     6 |     2 |     4 |     2 |    30 ||    55
 Stab: Sleeping          |     1 |       |       |       |     4 |     2 |     4 |     1 |    38 ||    50
       Held in net/web   |       |       |       |       |       |       |     1 |       |       ||     1
       Distracted        |       |       |       |       |       |       |     3 |    35 |   235 ||   273
       Confused          |       |       |       |       |       |       |       |       |     3 ||     3
       Petrifying        |       |       |       |       |       |       |       |       |     1 ||     1
  Eat: Chunk             |     1 |    10 |    18 |    22 |    50 |    24 |    37 |    22 |    56 ||   240
       Ration            |       |     1 |       |     3 |     2 |     4 |       |     1 |    17 ||    28
Armor: Animal skin       |    15 |       |       |       |       |       |       |       |       ||    15
       Chain mail        |    12 |   115 |   175 |       |   263 |       |    25 |   176 |  1305 ||  2071
       Leather armour    |    13 |     1 |       |       |       |       |       |       |       ||    14
       Scale mail        |       |       |    38 |   502 |   166 |       |       |       |       ||   706
       Ice dragon scales |       |       |       |       |    14 |       |       |       |       ||    14
       Ring mail         |       |       |       |       |    98 |   506 |   387 |    34 |       ||  1025
       Crystal plate arm |       |       |       |       |       |       |       |       |   310 ||   310
Dodge: Dodged            |    91 |   105 |   116 |   399 |   453 |   430 |   357 |   194 |  2252 ||  4397
Block: Other             |     9 |    44 |    13 |       |       |       |       |       |       ||    66
       Reflection        |     1 |     3 |     7 |    12 |    30 |   205 |   190 |   100 |   182 ||   730
       Shield            |       |       |   217 |   988 |  1260 |   700 |       |       |       ||  3165
       Large shield      |       |       |       |       |       |   752 |  2006 |  1412 |  9373 || 13543
       Rpst.: Long sword |       |       |       |    11 |     4 |       |       |       |       ||    15
